Map: Ever Dream LE

Players

Oreo

  • Race: Zerg Zerg
  • League: Grandmaster
  • Spawn Location: 7:00

A.I. 2 (Very Easy) - Winner!

  • Race: Zerg Zerg
  • Spawn Location: 1:00

VOD

Have the link to the VOD?

Description

Time

  • Played on: Aug. 3, 2020, 10:42 p.m.
  • Length: 8:05
Show
View Real Time Build Order
Export as new Build Order

Oreo Zerg 

Build Orders: Hatch First 

Get SALT Encoding   

  12  0:00  Drone  
  13  0:12  Overlord  
  13  0:16  Drone  
  14  0:30  Drone x2  
  16  0:47  Hatchery  
  15  0:50  Drone  
  15  0:54  Drone  
  17  0:58  Drone  
  18  1:08  Extractor  
  17  1:13  Spawning Pool  
  17  1:16  Drone  
  17  1:19  Drone  
  18  1:27  Drone  
  19  1:39  Drone  
  20  1:49  Overlord  
  20  1:59  Queen x2  
  20  2:00  Zergling x4  
  26  2:12  Drone x2  
  28  2:20  Drone  
  28  2:21  Drone  
  30  2:25  Metabolic Boost  
  30  2:35  Hatchery  
  29  2:39  Drone  
  29  2:40  Drone  
  31  2:44  Drone x2  
  33  2:53  Overlord  
  33  2:57  Zergling x2  
  34  3:04  Zergling x4  
  35  3:11  Zergling x12  
  41  3:17  Queen  
  43  3:22  Overlord  
  43  3:27  Roach Warren  
  43  3:29  Drone  
  43  3:42  Drone x6  
  43  3:45  Overlord  
  49  3:52  Overlord  
  49  3:53  Drone  
  50  4:01  Overlord  
  50  4:08  Roach x4  
  58  4:12  Roach x2  
  58  4:15  Roach  
  64  4:21  Roach x2  
  68  4:33  Drone x8  
  68  4:35  Extractor  
  75  4:40  Evolution Chamber  
  75  4:45  Drone x2  
  75  4:46  Overlord  
  75  4:48  Lair  
  75  4:51  Drone  
  77  4:54  Drone x3  
  77  4:57  Drone  
  81  5:00  Overlord  
  81  5:06  Drone x4  
  85  5:12  Overlord, Zerg Missile Weapons Level 1  
  85  5:15  Drone x2  
  85  5:17  Overlord  
  87  5:21  Drone x2, Extractor  
  87  5:23  Drone x2  
  87  5:27  Drone x2, Extractor  
  87  5:28  Extractor  
  90  5:30  Drone x2  
  90  5:33  Extractor, Overlord  
  90  5:34  Drone  
  92  5:37  Drone  
  92  5:42  Drone x3  
  96  5:44  Overlord  
  96  5:45  Drone x2  
  96  5:47  Glial Reconstitution  
  98  5:52  Overlord  
  98  5:57  Drone x2  
  98  6:01  Drone  
  98  6:02  Spire  
  100  6:05  Roach x2  
  100  6:06  Roach  
  106  6:17  Hatchery  
  105  6:21  Roach x5  
  115  6:27  Overlord  
  115  6:30  Roach x4  
  122  6:34  Overlord  
  122  6:36  Roach x2  
  122  6:38  Roach  
  128  6:45  Roach x4  
  136  6:48  Overlord  
  136  6:52  Roach  
  136  6:53  Roach  
  140  7:00  Roach x4  
  148  7:13  Mutalisk x6  
  160  7:16  Overlord x2, Roach  
  162  7:23  Overlord x2  
  162  7:26  Overlord  
  162  7:34  Ravager x4  
Show
View Real Time Build Order
Export as new Build Order

A.I. 2 (Very Easy) Zerg - Winner!

Build Orders: Pool First 

Get SALT Encoding   

  12  0:00  Drone  
  13  0:12  Overlord  
  13  0:16  Drone  
  14  0:35  Spawning Pool  
  13  0:37  Extractor  
  13  0:40  Drone  
  13  0:47  Drone  
  14  0:53  Overlord  
  14  1:22  Zergling x2  
  14  1:24  Queen  
  17  1:32  Roach Warren  
  16  1:34  Drone  
  17  1:40  Extractor  
  17  1:41  Zergling x2  
  17  1:44  Drone  
  18  1:56  Drone  
  18  2:00  Zergling x2  
  20  2:07  Drone  
  21  2:17  Drone  
  22  2:28  Drone  
  23  2:31  Overlord  
  23  2:35  Drone  
  24  2:42  Drone  
  25  4:11  Zergling x2  
  25  5:52  Drone, Overlord, Roach, Lair  
  28  5:59  Drone  
  29  6:06  Drone  
  30  6:13  Drone  
  31  6:20  Drone  
  29  6:34  Roach  
  31  6:49  Overseer  
  31  6:52  Overseer  
  31  7:15  Hatchery  
  30  7:16  Roach  
Tags
 
Add a new tag
Caveats
  • Supply blocks, unpowered buildings, or Contaminate may cause inaccurate times.
  • Supply counts are checked every 10 seconds.